 Dungeon Sprint DCSS version 0.21.1-1-g345015f (webtiles) character file.

29203 doot the Ninja (level 13, -1/58 HPs)
             Began as a Spriggan Enchanter on Apr 21, 2018.
             Was the Champion of Lugonu.
             Shot with a bolt by a yaktaur (9 damage)
             ... in the Dungeon (Sprint III: "The Ten Rune Challenge").
             The game lasted 00:30:38 (4648 turns).

doot the Ninja (Spriggan Enchanter)                 Turns: 4648, Time: 00:30:40

Health: -1/58      AC:  2    Str:  4    XL:     13   Next: 13%
Magic:  33/36      EV: 27    Int: 17    God:    Lugonu [******]
Gold:   1862       SH:  0    Dex: 21    Spells: 27/48 levels left

rFire    . . .     SeeInvis +   y - +3 dagger (venom)
rCold    . . .     Gourm    .   (shield restricted)
rNeg     . . .     Faith    .   b - +0 robe
rPois    .         Spirit   .   (helmet restricted)
rElec    .         Reflect  .   (no cloak)
rCorr    .         Harm     .   (gloves unavailable)
MR       ++...     NoTele   +   (boots unavailable)
Stlth    +++++++++.             (no amulet)
HPRegen  0.19/turn              (no ring)
MPRegen  0.25/turn              (no ring)

@: very quick
A: very small, unfitting armour, see invisible, herbivore, speed 3, slow
metabolism 2
a: Bend Space, Banish, Corrupt, Brand Weapon With Distortion, Renounce Religion


You were in the Dungeon.
You worshipped Lugonu.
Lugonu was exalted by your worship.
You were not hungry.

You visited 1 branch You collected 2300 gold pieces.
You spent 438 gold pieces at shops.

Inventory:

Hand Weapons
 a - a +1 dagger
 y - a +3 dagger of venom (weapon)
Armour
 b - a +0 robe (worn)
 B - the +3 hat of Pondering {ponderous, MR+ MP+10 Int+5}
   (You took it off Gastronok in the Dungeon)

   It affects your intelligence (+5).
   It affects your resistance to hostile enchantments.
   It affects your magic capacity (+10).
Wands
 r - a wand of digging (18)
Scrolls
 j - a scroll of blinking
 l - 3 scrolls of holy word {unknown}
 m - a scroll of fog {unknown}
 n - 3 scrolls of remove curse
 q - a scroll of torment {unknown}
 w - a scroll of fear {unknown}
 x - a scroll of immolation {unknown}
 z - a scroll of identify
Potions
 e - a potion of curing
 f - 3 potions of heal wounds
 g - 2 potions of haste
 h - 2 potions of magic
 i - 3 potions of mutation
 k - 2 potions of degeneration {unknown}
 o - 2 potions of lignification {unknown}
 p - 2 potions of flight {unknown}
 u - a potion of ambrosia {unknown}
 A - a potion of invisibility {unknown}
Books
 c - a book of Maledictions

   Spells                             Type                      Level
   a - Corona                         Hexes                        1
   b - Ensorcelled Hibernation        Hexes/Ice                    2
   c - Confuse                        Hexes                        3
   d - Tukima's Dance                 Hexes                        3
   e - Dazzling Spray                 Conjuration/Hexes            3
 s - a book of Burglary

   Spells                             Type                      Level
   a - Swiftness                      Charms/Air                   2
   b - Passwall                       Transmutation/Earth          2
   c - Passage of Golubria            Translocation                4
   d - Lee's Rapid Deconstruction     Earth                        5
   e - Darkness                       Hexes                        6
   f - Invisibility                   Hexes                        6
 v - a book of Cantrips

   Spells                             Type                      Level
   a - Confusing Touch                Hexes                        1
   b - Animate Skeleton               Necromancy                   1
   c - Summon Small Mammal            Summoning                    1
   d - Apportation                    Translocation                1
Miscellaneous
 t - a sack of spiders
Comestibles
 d - 12 rations


   Skills:
 + Level 2.0 Fighting
 + Level 7.3 Short Blades
 + Level 9.5 Dodging
 O Level 27 Stealth
 + Level 18.3 Spellcasting
 - Level 15.5 Hexes
 + Level 9.5 Ice Magic
 * Level 14.4 Invocations


You had 27 spell levels left.
You knew the following spells:

 Your Spells              Type           Power        Failure   Level  Hunger
a - Corona                Hex            ######.      0%          1    None
b - Ensorcelled Hibernat  Hex/Ice        ######       1%          2    None
c - Confuse               Hex            ######..     1%          3    None
d - Tukima's Dance        Hex            ######..     1%          3    None
e - Invisibility          Hex            ######..     1%          6    #####..
f - Darkness              Hex            ######....   1%          6    #####..


Dungeon Overview and Level Annotations

Branches:
Dungeon (1/1)

Altars:
Cheibriados
Dithmenos
Elyvilon
Fedhas
Gozag
Hepliaklqana
Kikubaaqudgha
Makhleb
Nemelex Xobeh
Okawaru
Qazlal
Ru
Sif Muna
Trog
Uskayaw
Vehumet
Wu Jian
Xom
Yredelemnul
Zin
The Shining One
Beogh
Jiyva
Lugonu

Shops:
D :?*

Annotations:
D Xtahua


Innate Abilities, Weirdness & Mutations

You are very small and have problems with some larger weapons.
You are too small for most types of armour.
You have supernaturally acute eyesight. (SInv)
You are a herbivore.
You cover ground extremely quickly.
You need consume almost no food.


Message History

You start resting.
Magic restored.
You start resting.
HP restored.
You start waiting.
A yaktaur comes into view.
You see here 2 bolts.
Casting: Confuse
Confirm with . or Enter, or press ? or * to list all spells.
Aiming: Confuse
Press: ? - help, Shift-Dir - straight line, f/p - yaktaur captain
Aim: a yaktaur captain, wielding an arbalest (hasn't noticed you, chance to defeat MR: 44%)
The yaktaur captain resists with some effort.
The yaktaur shouts!
The yaktaur captain shoots a bolt.
The bolt hits you!!
Ouch! That really hurt!
The yaktaur shoots a bolt.
The bolt hits you!!
* * * LOW HITPOINT WARNING * * *
The bolt freezes you!
You die...

#).#.##†###)#......#...≈≈###
)#.#.##.#).##......#...≈≈≈≈#
(#.)#..##.)'.......#...≈≈≈≈#
▓▓▓▓▓▓▓▓▓▓▓#.......#.......#
.....≈≈≈...#.......#.......#
≈≈≈≈≈≈≈♣♣P.'.......#.......#
♣♣♣♣♣♣♣♣♣.P#.......#########
♣♣♣##'######## ♣♣♣♣♣♣♣♣♣
#...)@≈≈≈≈# ≈≈≈≈≈≈..#
#...#.≈§≈≈# ≈≈≈≈≈...#
#..)#.#§≈≈#
'≈≈≈§≈####+#####.#c≈§≈#
#≈≈.§§§§§§§#.....# #≈§≈§
#≈..+##### #§§§§P# c≈§§
#...#....ii#§§...# #§≈ ....#
♣♣%_i#§§§§.# c§
############§#####


You could see a yaktaur captain and a yaktaur.

Vanquished Creatures
  Rupert (D)
  Gastronok (D)
  Frances (D)
  A deep elf demonologist (D)
  2 dire elephants (D)
  A fire dragon (D)
  A deep elf high priest (D)
  Erolcha (D)
  An anaconda (D)
  An orc high priest (D)
  4 death yaks (D)
  Urug (D)
  A lindwurm (D)
  5 deep elf magi (D)
  An orc knight (D)
  2 elephants (D)
  7 black mambas (D)
  A komodo dragon (D)
  2 spiny frogs (D)
  A rime drake (D)
  3 wandering mushrooms (D)
  2 tyrant leeches (D)
  A queen bee (D)
  8 blink frogs (D)
  5 redbacks (D)
  A shadow (D)
  A water moccasin (D)
  A hell hound (D)
  A necrophage (D)
  A swamp drake (D)
  An orc warrior (D)
  5 two-headed ogres (D)
  32 killer bees (D)
  An electric eel (D)
  A jelly (D)
  3 orc wizards (D)
  2 orc priests (D)
  A wizard (D)
  A necromancer (D)
  A kobold demonologist (D)
  3 humans (D)
  A wolf (D)
  4 adders (D)
  An ooze (D)
  11 orcs (D)
  3 rats (D)
131 creatures vanquished.

Vanquished Creatures (others)
  2 draconian scorchers (D)
  3 hydras (D)
  A deep elf knight (D)
  A death drake (D)
  6 hellions (D)
  2 yaktaurs (D)
  An orc high priest (D)
  2 orc priests (D)
  14 plants (D)
32 creatures vanquished.

Grand Total: 163 creatures vanquished

Notes
Turn   | Place    | Note
-------+----------+-------------------------------------------
     0 | D        | doot the Spriggan Enchanter began the quest for the Orb.
     0 | D        | Reached XP level 1. HP: 9/9 MP: 5/5
    11 | D        | Reached skill level 5 in Stealth
    66 | D        | Noticed a wolf
    81 | D        | Killed a yaktaur
   163 | D        | Killed a white draconian scorcher
   166 | D        | Killed a hellion
   168 | D        | Killed a hellion
   170 | D        | Killed a hellion
   170 | D        | Killed a hellion
   172 | D        | Killed a hellion
   178 | D        | Killed a white draconian scorcher
   184 | D        | Killed a wolf
   184 | D        | Reached skill level 6 in Stealth
   184 | D        | Reached skill level 5 in Hexes
   184 | D        | Reached XP level 2. HP: 13/13 MP: 3/7
   187 | D        | Reached skill level 7 in Stealth
   187 | D        | Reached XP level 3. HP: 16/16 MP: 3/9
   202 | D        | Learned a level 3 spell: Confuse
   206 | D        | Learned a level 3 spell: Tukima's Dance
   209 | D        | Learned a level 2 spell: Ensorcelled Hibernation
   253 | D        | Noticed a water elemental
   278 | D        | Found a radiant altar of Vehumet.
   279 | D        | Found a deep blue altar of Sif Muna.
   279 | D        | Found an ancient bone altar of Kikubaaqudgha.
   279 | D        | Noticed a wizard
   280 | D        | Killed a wizard
   280 | D        | Reached skill level 8 in Stealth
   280 | D        | Reached XP level 4. HP: 21/21 MP: 11/11
   282 | D        | Reached skill level 9 in Stealth
   294 | D        | Found a glowing silver altar of Zin.
   295 | D        | Found a glowing golden altar of the Shining One.
   295 | D        | Found a white marble altar of Elyvilon.
   295 | D        | Noticed a deep elf mage
   320 | D        | Killed a deep elf mage
   320 | D        | Reached skill level 13 in Stealth
   320 | D        | Reached skill level 1 in Ice Magic
   320 | D        | Reached XP level 5. HP: 24/24 MP: 1/16
   320 | D        | Reached XP level 6. HP: 28/28 MP: 1/17
   320 | D        | Reached XP level 7. HP: 32/32 MP: 1/19
   348 | D        | Killed a hellion
   443 | D        | Found a hide-covered altar of Uskayaw.
   443 | D        | Found an iron altar of Okawaru.
   444 | D        | Found a roughly hewn altar of Beogh.
   444 | D        | Found a bloodstained altar of Trog.
   444 | D        | Found an ornate altar of the Wu Jian Council.
   444 | D        | Noticed a human
   444 | D        | Noticed a human
   463 | D        | Killed a human
   463 | D        | Reached skill level 14 in Stealth
   468 | D        | Killed a human
   499 | D        | Found a shadowy altar of Dithmenos.
   500 | D        | Found a basalt altar of Yredelemnul.
   500 | D        | Found a sacrificial altar of Ru.
   502 | D        | Reached skill level 15 in Stealth
   510 | D        | Noticed a shadow
   512 | D        | Killed a shadow
   512 | D        | Reached XP level 8. HP: 36/36 MP: 16/22
   521 | D        | Found a blossoming altar of Fedhas.
   521 | D        | Found a stormy altar of Qazlal.
   522 | D        | Found a snail-covered altar of Cheibriados.
   522 | D        | Found a burning altar of Makhleb.
   522 | D        | Found a hazy altar of Hepliaklqana.
   522 | D        | Found a shimmering altar of Xom.
   522 | D        | Found an opulent altar of Gozag.
   522 | D        | Found a sparkling altar of Nemelex Xobeh.
   522 | D        | Found a corrupted altar of Lugonu.
   522 | D        | Found a viscous altar of Jiyva.
   530 | D        | Became a worshipper of Lugonu the Unformed
   530 | D        | Reached * piety under Lugonu
   602 | D        | Reached ** piety under Lugonu
   602 | D        | Reached skill level 16 in Stealth
   769 | D        | Noticed a two-headed ogre
   772 | D        | Killed a two-headed ogre
   772 | D        | Reached skill level 10 in Spellcasting
   776 | D        | Noticed a two-headed ogre
   776 | D        | Noticed Erolcha
   778 | D        | Killed Erolcha
   778 | D        | Reached skill level 17 in Stealth
   778 | D        | Reached skill level 15 in Hexes
   778 | D        | Reached XP level 9. HP: 39/39 MP: 22/24
   779 | D        | Killed a two-headed ogre
   779 | D        | Reached skill level 18 in Stealth
   787 | D        | Learned a level 6 spell: Invisibility
   806 | D        | Found Unoxumy's Assorted Antiques.
   806 | D        | Noticed an orc knight
   806 | D        | Noticed an orc high priest
   982 | D        | Reached *** piety under Lugonu
   990 | D        | Killed an orc high priest
   990 | D        | Reached skill level 19 in Stealth
  1056 | D        | Killed a four-headed hydra
  1082 | D        | Reached **** piety under Lugonu
  1146 | D        | Reached ***** piety under Lugonu
  1226 | D        | Killed an orc knight
  1249 | D        | Bought a smoky green potion for 18 gold pieces
  1249 | D        | Bought a paperback book for 315 gold pieces
  1249 | D        | Bought a scroll labeled NOASAW MAGOWAIPRO for 21 gold pieces
  1249 | D        | Bought a potion of curing for 63 gold pieces
  1249 | D        | Bought a scroll labeled KIEFIA KACYD for 21 gold pieces
  1253 | D        | Noticed a deep elf mage
  1253 | D        | Noticed a deep elf mage
  1253 | D        | Noticed a deep elf mage
  1253 | D        | Noticed a deep elf knight
  1253 | D        | Noticed a deep elf mage
  1266 | D        | Killed a deep elf mage
  1266 | D        | Reached skill level 1 in Fighting
  1266 | D        | Reached skill level 20 in Stealth
  1266 | D        | Reached XP level 10. HP: 45/45 MP: 21/27
  1270 | D        | Killed a deep elf mage
  1270 | D        | Reached skill level 5 in Invocations
  1271 | D        | Banished a deep elf knight
  1678 | D        | Killed a deep elf mage
  1678 | D        | Reached skill level 5 in Short Blades
  1681 | D        | Killed a deep elf mage
  1681 | D        | Reached skill level 21 in Stealth
  1850 | D        | Noticed a deep elf annihilator
  1861 | D        | Noticed a deep elf demonologist
  1861 | D        | Noticed a deep elf annihilator
  1864 | D        | Killed a deep elf demonologist
  1864 | D        | Reached skill level 5 in Ice Magic
  1865 | D        | Noticed a deep elf high priest
  1870 | D        | Killed a deep elf high priest
  1910 | D        | Noticed a deep elf blademaster
  1976 | D        | Reached ****** piety under Lugonu
  1983 | D        | Reached XP level 11. HP: 33/50 MP: 22/29
  2117 | D        | Reached skill level 22 in Stealth
  2537 | D        | Noticed Donald
  2538 | D        | Noticed Frances
  2541 | D        | Killed Frances
  2541 | D        | Reached skill level 23 in Stealth
  2554 | D        | Banished Donald
  2554 | D        | Reached skill level 15 in Spellcasting
  2768 | D        | Reached skill level 10 in Invocations
  3137 | D        | Reached skill level 24 in Stealth
  3224 | D        | Noticed Rupert
  3228 | D        | Killed Rupert
  3228 | D        | Reached XP level 12. HP: 54/54 MP: 31/33
  3236 | D        | Learned a level 6 spell: Darkness
  3244 | D        | Noticed an azure jelly
  3244 | D        | Noticed an azure jelly
  3244 | D        | Noticed an azure jelly
  3244 | D        | Noticed an azure jelly
  3245 | D        | Noticed a dire elephant
  3245 | D        | Noticed a dire elephant
  3245 | D        | Noticed Gastronok
  3247 | D        | Killed Gastronok
  3247 | D        | Reached skill level 25 in Stealth
  3248 | D        | Killed a dire elephant
  3250 | D        | Killed a dire elephant
  3374 | D        | Noticed a death yak
  3379 | D        | Noticed a death yak
  3385 | D        | Killed a death yak
  3386 | D        | Noticed a death yak
  3386 | D        | Noticed a death yak
  3387 | D        | Killed a death yak
  3387 | D        | Reached skill level 26 in Stealth
  3389 | D        | Killed a death yak
  3391 | D        | Killed a death yak
  3423 | D        | Noticed a fire dragon
  3430 | D        | Killed a fire dragon
  3431 | D        | Found Konekh's Book Shoppe.
  3431 | D        | Found Caups's Magic Scroll Boutique.
  3431 | D        | Noticed Xtahua
  3650 | D        | Reached skill level 27 in Stealth
  3658 | D        | Noticed Urug
  3673 | D        | Killed Urug
  3676 | D        | Noticed a five-headed hydra
  3676 | D        | Noticed an eight-headed hydra
  3710 | D        | Killed an eight-headed hydra
  3810 | D        | Killed a five-headed hydra
  3937 | D        | Reached XP level 13. HP: 17/57 MP: 30/36
  4231 | D        | Found a blossoming altar of Fedhas.
  4297 | D        | Noticed a nagaraja
  4648 | D        | Shot with a bolt by a yaktaur

Skill      XL: |  1  2  3  4  5  6  7  8  9 10 11 12 13 |
---------------+----------------------------------------+-----
Stealth        | 6 7 8 13 15 17 20 21 24 27 | 27.0
Spellcasting   | 3 4 7 9 10 12 13 16 18 | 18.3
Hexes          | 5 6 11 13 15 | 15.5
Dodging        | 4 6 7 8 9 |  9.5
Short Blades   | 2 3 4 5 6 7 |  7.3
Ice Magic      | 1 3 4 5 7 9 |  9.5
Invocations    | 4 7 11 13 14 | 14.4
Fighting       | 1 2 |  2.0

Action                   |  1- 3 |  4- 6 |  7- 9 | 10-12 | 13-15 || total
-------------------------+-------+-------+-------+-------+-------++-------
Melee: Dagger            |    13 |    12 |    45 |    95 |    11 ||   176
 Cast: Corona            |     3 |       |       |       |       ||     3
       Ensorcelled Hiber |       |     3 |    20 |    78 |     4 ||   105
       Confuse           |       |     2 |     7 |     8 |     6 ||    23
       Invisibility      |       |       |     2 |     6 |       ||     8
       Darkness          |       |       |       |     1 |       ||     1
Invok: Banish            |       |       |       |    10 |     1 ||    11
  Use: Potion            |     1 |       |       |       |     1 ||     2
       Scroll            |       |     1 |       |       |       ||     1
 Stab: Sleeping          |     5 |     2 |    20 |    71 |    11 ||   109
       Confused          |       |     1 |     4 |     1 |       ||     6
       Distracted        |       |       |     1 |     5 |       ||     6
       Invisible         |       |       |     4 |     1 |       ||     5
  Eat: Ration            |       |       |       |     3 |     1 ||     4
Armor: Robe              |       |       |       |     1 |     1 ||     2
Dodge: Dodged            |    12 |       |    13 |    66 |     2 ||    93
